 Dungeon Crawl Stone Soup version 0.29.1-12-g30fa7ad0bf (webtiles) character file.

Game seed: 18113750195554934652

1376 Sanktem7 the Fighter (level 8, -1/74 HPs)
             Began as a Minotaur Fighter on Dec 17, 2022.
             Was a Follower of Trog.
             Slain by a gnoll
             ... wielding a +0 halberd
             ... led by a gnoll bouda
              (2 damage)
             ... on level 5 of the Dungeon.
             The game lasted 00:11:40 (5197 turns).

Sanktem7 the Fighter (Minotaur Fighter)             Turns: 5197, Time: 00:11:41

Health: -1/74      AC: 11    Str: 22    XL:     8   Next: 39%
Magic:  16/16      EV:  9    Int: 11    God:    Trog [*.....]
Gold:   968        SH:  4    Dex: 11    Spells: 7/7 levels left

rFire   . . .      SeeInvis .   a - +0 war axe {axe}
rCold   . . .      Faith    .   c - +0 buckler
rNeg    . . .      Spirit   .   b - +0 scale mail
rPois   .          Reflect  .   (helmet restricted)
rElec   +          Harm     +   u - +2 cloak
rCorr   .          Rampage  .   (no gloves)
Will    .....                   h - +0 pair of boots of Gestures {Harm Drain rElec Stlth+}
Stlth   ++........              (no amulet)
HPRegen 0.22/turn               m - +6 ring of intelligence
MPRegen 0.15/turn               y - ring of magical power

@: no status effects
A: horns 2, retaliatory headbutt
a: Renounce Religion, Berserk


You were on level 5 of the Dungeon.
You worshipped Trog.
Trog was aware of your devotion.
You visited 1 branch of the dungeon, and saw 5 of its levels.

You collected 1026 gold pieces.
You spent 58 gold pieces at shops.


Innate Abilities, Weirdness & Mutations

You have a pair of horns on your head.
You reflexively headbutt those who attack you in melee.


   Skills:
 * Level 8.1 Fighting
 * Level 7.8 Axes
 + Level 2.6 Throwing
 - Level 5.0 Armour
 + Level 3.2 Stealth
 - Level 3.6 Shields


You had 7 spell levels left.
You didn't know any spells.
Your spell library contained the following spells:

 Spells                   Type           Power      Damage    Failure   Level
 Summon Small Mammal      Summ           0%         N/A       75%         1
 Call Canine Familiar     Summ           0%         N/A       98%         3
 Summon Guardian Golem    Hex/Summ       0%         N/A       98%         3

Inventory:

Hand Weapons
 a - a +0 war axe (weapon) {axe}
Missiles
 e - 51 stones (quivered) {throwing}
 s - 7 poisoned darts {throwing}
Armour
 b - a +0 scale mail (worn)
 c - a +0 buckler (worn)
 h - the +0 pair of boots of Gestures (worn) {Harm Drain rElec Stlth+}
   (You acquired it on level 4 of the Dungeon)

   rElec:     It insulates you from electricity.
   Drain:     It drains your maximum health when unequipped.
   Harm:      It increases damage dealt and taken.
   Stlth:     It makes you more stealthy.
 u - a +2 cloak (worn)
   (You found it on level 4 of the Dungeon)
Magical Staves
 g - a staff of earth {forbidden!astaff}
   (You found it on level 5 of the Dungeon)
Jewellery
 m - a +6 ring of intelligence (left hand)
   (You found it on level 3 of the Dungeon)
 p - a +4 ring of evasion
   (You acquired it on level 4 of the Dungeon)
 y - a ring of magical power (right hand)
   (You found it on level 4 of the Dungeon)
Wands
 v - a wand of roots (11)
   (You found it on level 4 of the Dungeon)
Scrolls
 f - 2 scrolls of teleportation {@r4}
 l - a scroll of blinking {unknown}
 n - 2 scrolls of fear
 t - a scroll of identify {unknown}
Potions
 d - a potion of might
 i - 3 potions of flight {unknown}
 j - a potion of lignification {unknown}
 k - 2 potions of haste {unknown}
 o - a potion of curing {unknown}
 q - a potion of degeneration {unknown}
 r - a potion of brilliance {unknown}
 z - a potion of mutation {unknown}
 A - a potion of cancellation {unknown}

Dungeon Overview and Level Annotations

Branches:
Dungeon (5/15) Zot: 24704
 Temple: D:4-7

Altars:
Ashenzari
Okawaru
Trog

Shops:
D:2

[
#...........###....)#
#.........###
#.........
#.)....†..#
#........>
##.......##
#.........
#.........#
.>...#..##.
#.........#
#..##...## .
#......g..#...# #.###
#.....oJ..#...# #.
#......@.....#
##.......##..#
##.......?.##
######.#### .. ...
...# ####


You could see a jelly, a gnoll and an orc.


Message History

You are too injured to fight recklessly!
You are too injured to fight recklessly!
You are too injured to fight recklessly!
You are too injured to fight recklessly!
You are too injured to fight recklessly!
You are too injured to fight recklessly!
You are too injured to fight recklessly!
What are your orders? t - Shout!
Orders for allies: a - Attack new target. r - Retreat! s - Stop attacking. g - Guard the area. f - Follow me.
Anything else - Cancel.
You shout for attention!
The gnoll hits you from afar with a +0 halberd!
You block the gnoll's attack. The gnoll misses you. 😮 HP[-10]
You take 10 damage, and now have 42/74 hp.
What are your orders? t - Shout!
Orders for allies: a - Attack new target. r - Retreat! s - Stop attacking. g - Guard the area. f - Follow me.
Anything else - Cancel.
Okay, then.
The gnoll hits you from afar with a +0 spear.
The gnoll barely misses you. 😮 HP[-1]
You take 1 damage, and now have 41/74 hp.
There are no items here.
There are no items here.
There are no items here.
The gnoll hits you but does no damage.
The gnoll hits you from afar with a +0 spear. 😮 HP[-2]
You take 2 damage, and now have 39/74 hp.
The gnoll hits you but does no damage. You block the gnoll's attack.
The gnoll is no longer moving quickly.
The gnoll completely misses you.
The gnoll hits you but does no damage. 😮 HP[+1]
You hit the gnoll.
The gnoll is no longer moving quickly.
The gnoll hits you with a +0 spear.
* * * LOW HITPOINT WARNING * * *
You block the gnoll's attack. 😨 HP[-7]
You take 7 damage, and now have 33/74 hp.
You hit the gnoll. You headbutt the gnoll. The gnoll closely misses you.
The gnoll hits you but does no damage.
You barely miss the gnoll. The gnoll hits you but does no damage.
The gnoll hits you from afar with a +0 spear.
* * * LOW HITPOINT WARNING * * *
The gnoll hits you but does no damage. 😨 HP[-3]
You take 3 damage, and now have 30/74 hp.
You closely miss the gnoll. Your headbutt misses the gnoll.
The gnoll hits you from afar with a +0 spear.
* * * LOW HITPOINT WARNING * * *
The gnoll hits you with a +0 spear!
* * * LOW HITPOINT WARNING * * *
😨 HP[-10]
You take 10 damage, and now have 20/74 hp.
You completely miss the gnoll. The gnoll hits you but does no damage.
The gnoll hits you with a +0 spear!
* * * LOW HITPOINT WARNING * * *
😱 HP[-9]
You take 9 damage, and now have 11/74 hp.
You slash the gnoll!
You kill the gnoll!
Trog accepts your kill. You block the gnoll's attack.
The jelly jiggles.
Aiming: Fastroot
Press: ? - help, Q - select action, (/) - cycle Shift-Dir - straight line, f - gnoll
Aim: a gnoll, wielding a +0 spear The roots erupt in riotous growth!
Roots grab the gnoll.
The jelly is unaffected.
The grasping roots constrict the gnoll!
You block the gnoll's attack. 😱 HP[+1] Unknown command.
There are no items here.
The grasping roots constrict the gnoll!
You kill the gnoll!
Trog accepts your kill.
You see here a black bear corpse. 😱 HP[+1] 😱 HP[+1]
The jelly hits you.
* * * LOW HITPOINT WARNING * * *
You are splashed with acid!
* * * LOW HITPOINT WARNING * * *
😱 HP[-10]
You take 10 damage, and now have 4/74 hp.
You slash the jelly!
Your hands burn!
* * * LOW HITPOINT WARNING * * *
You closely miss the orc. You block the jelly's attack.
The orc barely misses you.
The gnoll hits you from afar with a +0 halberd.
You die...

Skill      XL: |  1  2  3  4  5  6  7  8 |
---------------+-------------------------+-----
Fighting       | 4 5 6 7 8 |  8.1
Axes           | 3 4 5 7 |  7.8
Armour         | 4 5 |  5.0
Stealth        | 1 2 3 |  3.2
Throwing       | 1 2 |  2.6
Shields        | |  3.6

Action                   |  1- 3 |  4- 6 |  7- 9 || total
-------------------------+-------+-------+-------++-------
Melee: War axe           |    96 |   131 |    87 ||   314
       Headbutt          |    15 |    20 |    17 ||    52
Evoke: Wand              |       |       |     1 ||     1
  Use: Scroll            |       |       |    11 ||    11
Armor: Scale mail        |    60 |    99 |    46 ||   205
Dodge: Dodged            |    40 |    84 |    45 ||   169
Block: Buckler           |    34 |    53 |    20 ||   107

Levels and vault maps discovered:
D:1:      pf_arrival_petrified_forest, layout_loops_cross,
          chequers_serial_rivers_room_b
D:2:      layout_basic, serial_shops, nicolae_shop_advertising_works
          [nicolae_subvault_shop_adworks], chequers_ecumenical_altar_island,
          minmay_close_crescents
D:3:      minmay_bubble_buster, layout_loops_ring, lightli_temple_of_fire,
          cheibrodos_ashenzari_chains, roderic_lattice_a, goddamned_bats
D:4:      layout_basic, uniq_eustachio, uniq_edmund, uniq_duvessa
D:5:      layout_rooms, okawaru_metal_pillars_1_2, uniq_ijyb

Notes
Turn   | Place    | Note
-------+----------+-------------------------------------------
     0 | D:1      | Sanktem7 the Minotaur Fighter began the quest for the Orb.
     0 | D:1      | Reached XP level 1. HP: 19/19 MP: 0/0
     0 | D:1      | magus.rc [v1.9.6]
   405 | D:1      | Reached XP level 2. HP: 27/27 MP: 1/1
   445 | D:1      | Reached skill level 4 in Fighting
   571 | D:1      | Reached skill level 3 in Axes
   722 | D:1      | magus.rc [v1.9.6]
   739 | D:2      | Found Howk's Armour Boutique.
   757 | D:2      | Bought a +0 cloak for 58 gold pieces
   807 | D:2      | Reached XP level 3. HP: 30/33 MP: 2/2
   946 | D:2      | Found a faded altar of an unknown god.
  1122 | D:2      | Reached skill level 4 in Armour
  1832 | D:3      | Found a broken altar of Ashenzari.
  2381 | D:3      | Reached XP level 4. HP: 41/41 MP: 3/3
  2657 | D:3      | Reached skill level 4 in Axes
  2754 | D:3      | Reached skill level 5 in Fighting
  2763 | D:3      | Reached skill level 1 in Stealth
  2763 | D:3      | Reached XP level 5. HP: 47/48 MP: 4/4
  2889 | D:3      | Found a bloodstained altar of Trog.
  2894 | D:3      | Became a worshipper of Trog the Wrathful
  3140 | D:4      | Noticed an ogre
  3148 | D:4      | Killed an ogre
  3149 | D:4      | Reached skill level 5 in Axes
  3149 | D:4      | Reached XP level 6. HP: 19/57 MP: 5/5
  3402 | D:4      | Noticed Edmund
  3409 | D:4      | Killed Edmund
  3410 | D:4      | Reached skill level 6 in Fighting
  3410 | D:4      | Reached skill level 5 in Armour
  3568 | D:4      | Reached skill level 2 in Stealth
  3685 | D:4      | Reached XP level 7. HP: 64/64 MP: 6/6
  3690 | D:4      | Reached * piety under Trog
  3845 | D:4      | Noticed Duvessa
  3845 | D:4      | Noticed Dowan
  3859 | D:4      | Killed Duvessa
  3860 | D:4      | Reached skill level 6 in Axes
  3867 | D:4      | Killed Dowan
  4068 | D:4      | Noticed Eustachio
  4075 | D:4      | Killed Eustachio
  4076 | D:4      | Reached skill level 7 in Fighting
  4076 | D:4      | Reached skill level 1 in Throwing
  4182 | D:4      | Reached skill level 7 in Axes
  4597 | D:4      | Identified 3 scrolls of acquirement
  4597 | D:4      | Acquired 644 gold pieces
  4600 | D:4      | Acquired a +4 ring of evasion
  4602 | D:4      | Acquired the +0 pair of boots of Gestures {Harm Drain rElec
                  | Stlth+}
  4856 | D:5      | Entered Level 5 of the Dungeon
  4873 | D:5      | Reached XP level 8. HP: 68/73 MP: 7/7
  4878 | D:5      | Reached skill level 2 in Throwing
  4901 | D:5      | Reached skill level 3 in Stealth
  4993 | D:5      | Found an iron altar of Okawaru.
  5008 | D:5      | Reached skill level 8 in Fighting
  5120 | D:5      | You pick up a book of Callings {forbidden} and begin
                  | reading...
  5120 | D:5      | You add the spells Summon Small Mammal, Call Canine
                  | Familiar and Summon Guardian Golem to your library.
  5181 | D:5      | HP: 11/74 [gnoll/+0 spear[a gnoll bouda] (9)]
  5196 | D:5      | HP: 13/74 [jelly (1)]
  5196 | D:5      | HP: 4/74 [acid (9)]
  5197 | D:5      | HP: 1/74 [acid (3)]
  5197 | D:5      | Slain by a gnoll

Vanquished Creatures
  Eustachio (D:4)
  Edmund (D:4)
  Duvessa (D:4)
  A black bear (D:5)
  2 ogres (D:4)
  A phantom (D:5)
  A necrophage (D:5)
  Dowan (D:4)
  A vampire bat (D:3)
  3 hounds
  A gnoll bouda (D:5)
  5 iguanas
  2 gnolls (D:5)
  5 adders
  3 worms
  4 dart slugs
  3 fire bats (D:3)
  12 orcs
  2 spectral bats (D:3)
  15 bats
  3 bat skeletons (D:3)
  A bat zombie (D:3)
  2 endoplasms
  2 giant cockroaches (D:3)
  8 goblins
  7 hobgoblins
  4 jackals (D:1)
  10 kobolds
  7 quokkas
  13 ball pythons
  A bat simulacrum (D:3)
  3 frilled lizards
  2 rats
128 creatures vanquished.

Table legend:
 A = Non-vault XP
 B = Vault XP
 C = Vault XP percentage of total XP
 D = Non-vault monster count
 E = Vault monster count
 F = Vault count percentage of total count
                 A         B        C        D         E       F
            +---------+---------+-------+---------+---------+-------
      Total |    1145 |     822 |  41.8 |      84 |      44 |  34.4
            +---------+---------+-------+---------+---------+-------
        D:1 |      33 |       0 |   0.0 |      18 |       0 |   0.0
        D:2 |      20 |       9 |  31.0 |       6 |       4 |  40.0
        D:3 |      37 |     224 |  85.8 |      19 |      36 |  65.5
        D:4 |     468 |     589 |  55.7 |      26 |       4 |  13.3
        D:5 |     587 |       0 |   0.0 |      15 |       0 |   0.0
            +---------+---------+-------+---------+---------+-------

Illustrated notes

Table legend:
 A = Kills in this place as a percentage of kills in entire the game.
 B = Kills by you in this place as a percentage of kills by you in the entire game.
 C = Kills by friends in this place as a percentage of kills by friends in the entire game.
 D = Other kills in this place as a percentage of other kills in the entire game.
 E = Experience gained in this place as a percentage of experience gained in the entire game.
 F = Experience gained in this place divided by the number of levels of this place that you have seen.
                   A       B       C       D       E      F
               +-------+-------+-------+-------+-------+----------------------
         Total | 100.0 | 100.0 |   N/A |   N/A | 100.0 | 393.4
       Dungeon | 100.0 | 100.0 |   N/A |   N/A | 100.0 | 393.4
               +-------+-------+-------+-------+-------+----------------------

Table legend: (Time is in decaauts)
 A = Elapsed time spent in this place.
 B = Non-inter-level travel time spent in this place.
 C = Inter-level travel time spent in this place.
 D = Time resting spent in this place.
 E = Time spent auto-exploring this place.
 F = Levels seen in this place.
 G = Mean time per level.
                   A        B        C        D        E       F      G
               +--------+--------+--------+--------+--------+-----+--------+
         Total |   5294 |   5114 |    180 |      0 |   4306 |   5 | 1058.8 |
       Dungeon |   5294 |   5114 |    180 |      0 |   4306 |   5 | 1058.8 |
               +--------+--------+--------+--------+--------+-----+--------+

Top non-repeatable levels by time:
     D:4: 1857 daAuts
     D:3: 1340 daAuts
     D:2: 991 daAuts
     D:1: 755 daAuts
     D:5: 348 daAuts
